AoeStats
← tavoo

Arabia

507791484Analyzed
1v1 RM · 14d ago on Sep 19, 2026· 26m 44s· 2 players
Game mode
Random Map
Map size
Tiny (2 player)
Population
200
Speed
Normal
Resources
Standard
Victory
Conquest
Starting age
Dark Age
Ending age
Imperial Age
RankedLock teamsTeams togetherTeam positionsShared explorationLock speedFull tech treeHidden civsTurbo modeCheats
Victory
Defeat
🇺🇸 Koreans · United States
1452
+18
🇲🇽 Bohemians · Mexico
1489
-18
Noorda
6:47 Loom
9:59 Feudal Age
10:56 Double-Bit Axe
13:10 Horse Collar
14:08 Fletching
26:28 Castle Age
27:09 Bodkin Arrow
26:36 Elite Skirmisher
tavoo
7:27 Loom
9:46 Feudal Age
9:52 Man-at-Arms
10:31 Double-Bit Axe
13:53 Fletching
15:10 Padded Archer Armor
26:50 Castle Age
Connection lost

Rejoining the realm…

Still unreachable

The connection could not be restored.

Session expired

The server has moved on; the page needs a fresh start.